 Dungeon Crawl Stone Soup version 0.25-a0-341-g6f074c887a (webtiles) character file.

Game seed: 13681542188016940086, levelgen mode: deterministic

448 Lanoc the Sneak (level 6, -1/37 HPs)
             Began as a Vampire Hunter on Dec 30, 2019.
             Was a Follower of Wu Jian.
             Slain by an iguana (9 damage)
             ... on level 4 of the Dungeon.
             The game lasted 00:07:24 (2712 turns).

Lanoc the Sneak (Vampire Hunter)                    Turns: 2712, Time: 00:07:25

Health: -1/37      AC:  5    Str: 11    XL:     6   Next: 73%
Magic:  6/6        EV: 14    Int: 14    God:    Wu Jian [*.....]
Gold:   159        SH:  0    Dex: 16    Spells: 5/5 levels left

rFire    . . .     SeeInvis +   b - +1 short sword (elec)
rCold    + + .     Gourm    .   (no shield)
rNeg     + + +     Faith    .   x - +1 leather armour {rPois}
rPois    ∞         Spirit   .   (no helmet)
rElec    .         Reflect  .   w - +0 cloak {MR+}
rCorr    .         Harm     .   (no gloves)
MR       +....                  (no boots)
Stlth    +++++.....             (no amulet)
HPRegen  0.00/turn              (no ring)
MPRegen  0.10/turn              (no ring)

@: bloodless
A: no food, fangs 3, see invisible, unbreathing
a: Bat Form, Revivify, Renounce Religion


You were on level 4 of the Dungeon.
You worshipped Wu Jian.
Wu Jian was aware of your devotion.
You were bloodless.

You visited 1 branch of the dungeon, and saw 4 of its levels.
You also visited: Sewer.

You collected 159 gold pieces.

Inventory:

Hand Weapons
 a - a +1 shortbow
 b - a +1 short sword of electrocution (weapon)
Missiles
 d - 62 arrows
 k - 20 poisoned darts (quivered)
 l - 7 atropa-tipped darts
 q - 7 curare-tipped darts
Armour
 w - a +0 cloak of magic resistance (worn)
 x - a +1 leather armour of poison resistance (worn)
Wands
 e - a wand of clouds (4)
 s - a wand of flame (18)
Scrolls
 g - 6 scrolls of identify
 i - a scroll of magic mapping
 m - a scroll of remove curse
 n - a scroll of amnesia {unknown}
 o - a scroll of fog {unknown}
Potions
 f - 2 potions of curing
 h - a potion of degeneration {unknown}
 j - 2 potions of haste {unknown}
 p - a potion of invisibility {unknown}
 r - a potion of lignification
 t - 2 potions of flight {unknown}
 u - a potion of heal wounds {unknown}
 v - a potion of brilliance {unknown}


   Skills:
 + Level 3.4 Fighting
 + Level 2.0 Short Blades
 - Level 4.4 Bows
 + Level 4.1 Dodging
 * Level 5.0 Stealth


You had 5 spell levels left.
You didn't know any spells.
Your spell library was empty.

Dungeon Overview and Level Annotations

Branches:
Dungeon (4/15)              Sewer (visited)
 Temple: D:4-7

Altars:
Wu Jian
The Shining One


Innate Abilities, Weirdness & Mutations

You do not eat.
You do not regenerate when monsters are visible.
You are frail without blood (-20% HP).
You can heal yourself when you bite living creatures.
You are immune to poison.
You have razor-sharp teeth.
You have supernaturally acute eyesight. (SInv)
You can survive without breathing.


Message History

A centaur skeleton comes into view.
Found a ration and 13 gold pieces.
The orc shouts!
You hear an angry hiss. x2
An iguana comes into view.
Found 11 bolts.
The iguana hisses angrily.
You hit the orc.
The orc is severely wounded.
The centaur skeleton hits you. The orc closely misses you.
You hit the orc.
You kill the orc!
The Council accepts your kill.
Your Stealth skill increases to level 5!
The centaur skeleton closely misses you.
You hit the iguana.
The iguana is moderately wounded.
The centaur skeleton hits you.
* * * LOW HITPOINT WARNING * * *
The iguana bites you!
You die...

#.........# .
...########.....)[..##...
#..............)........
#####.####.....)...##.#.
#. ###......<.......
##.#................
#%#.#######........
#...## #..<....... ##.@Z#
#..###..(.h ##l......#
..... #.##....# ....
......... ... #....###$ .
..... .... ....(


You could see an iguana and a centaur skeleton.

Vanquished Creatures
  A big kobold (Sewer)
  A scorpion (D:4)
  A howler monkey (D:4)
  Crazy Yiuf (D:3)
  An orc priest (D:4)
  An orc wizard (D:4)
  Jessica (D:3)
  5 adders
  3 river rats (Sewer)
  2 oozes
  A worm (D:2)
  3 dart slugs (D:1)
  3 leopard geckos
  5 orcs
  3 giant cockroaches
  5 goblins
  13 hobgoblins
  9 jackals
  7 kobolds
  2 quokkas (D:2)
  2 ball pythons
  8 bats
  8 frilled lizards
  7 rats
93 creatures vanquished.

Notes
Turn   | Place    | Note
-------+----------+-------------------------------------------
     0 | D:1      | Lanoc the Vampire Hunter began the quest for the Orb.
     0 | D:1      | Reached XP level 1. HP: 16/16 MP: 1/1
   172 | D:1      | Reached XP level 2. HP: 18/22 MP: 2/2
   408 | D:1      | Reached XP level 3. HP: 16/27 MP: 3/3
  1265 | D:2      | Reached XP level 4. HP: 14/34 MP: 4/4
  1750 | D:3      | Found a glowing drain.
  1850 | D:3      | Noticed Jessica
  1861 | D:3      | Killed Jessica
  1861 | D:3      | Reached XP level 5. HP: 36/36 MP: 5/5
  1904 | D:3      | Found a faded altar of an unknown god.
  1907 | D:3      | Became a worshipper of the Wu Jian Council
  1907 | D:3      | Reached * piety under Wu Jian
  2007 | D:3      | Found a glowing golden altar of the Shining One.
  2020 | D:3      | Noticed an orc warrior
  2070 | Sewer    | Entered a sewer
  2075 | Sewer    | Reached skill level 2 in Stealth
  2153 | Sewer    | Reached skill level 1 in Short Blades
  2153 | Sewer    | Reached skill level 3 in Stealth
  2317 | Sewer    | Found a white marble altar of Elyvilon.
  2492 | D:3      | Found a runed translucent door.
  2493 | D:3      | Noticed Crazy Yiuf
  2500 | D:3      | Killed Crazy Yiuf
  2500 | D:3      | Reached XP level 6. HP: 32/32 MP: 6/6
  2572 | D:4      | Reached skill level 4 in Stealth
  2711 | D:4      | Reached skill level 5 in Stealth
  2712 | D:4      | Slain by an iguana

Levels and vault maps discovered:
D:1:      kennysheep_arrival_forest, layout_loops_ring, st_stairs_6,
          chequers_arboretum
D:2:      layout_basic, kennysheep_generic_room_16
D:3:      layout_basic, lemuel_round_altar, gup_sewer_entry_glass,
          chequers_ecumenical_altar_grove, uniq_crazy_yiuf_cottage, uniq_jessica
D:4:      layout_rooms, chequers_temple_overflow_minitemple,
          dancing_weapons_uskayaw, minmay_fractal_squares_diagonal_5,
          uniq_natasha

Skill      XL: |  1  2  3  4  5  6 |
---------------+-------------------+-----
Fighting       | 2 3 |  3.4
Bows           | 4 |  4.4
Dodging        | 3 4 |  4.1
Stealth        | 3 5 |  5.0
Short Blades   | 1 2 |  2.0

Action                   |  1- 3 |  4- 6 || total
-------------------------+-------+-------++-------
Melee: Short sword       |   140 |   146 ||   286
       Bite              |    14 |    15 ||    29
Invok: Lunge             |       |    11 ||    11
       Whirlwind         |       |    10 ||    10
 Abil: Exsanguinate      |       |     2 ||     2
       Revivify          |       |     1 ||     1
  Use: Potion            |     1 |       ||     1
       Scroll            |       |     4 ||     4
 Stab: Sleeping          |     5 |     7 ||    12
Armor: Leather armour    |    41 |    35 ||    76
Dodge: Dodged            |    98 |    88 ||   186

Table legend:
 A = Non-vault XP
 B = Vault XP
 C = Vault XP percentage of total XP
 D = Non-vault monster count
 E = Vault monster count
 F = Vault count percentage of total count
                 A         B        C        D         E       F
            +---------+---------+-------+---------+---------+-------
      Total |     356 |     284 |  44.4 |      73 |      20 |  21.5
            +---------+---------+-------+---------+---------+-------
        D:1 |      50 |       6 |  10.7 |      24 |       2 |   7.7
        D:2 |      66 |       1 |   1.5 |      29 |       1 |   3.3
        D:3 |      21 |     130 |  86.1 |      11 |       6 |  35.3
        D:4 |     219 |       3 |   1.4 |       9 |       1 |  10.0
      Sewer |       0 |     144 | 100.0 |       0 |      10 | 100.0
            +---------+---------+-------+---------+---------+-------
